 Dungeon Crawl Stone Soup version 0.27.1-33-g824d729ab1 (webtiles) character file.

Game seed: 10881981949691126610

780 kringelbulle the Ruffian (level 7, -2/59 HPs)
             Began as a Ghoul Monk on Dec 12, 2021.
             Slain by an orc warrior (12 damage)
             ... on level 6 of the Dungeon on Dec 13, 2021.
             The game lasted 00:34:43 (6038 turns).

kringelbulle the Ruffian (Ghoul Monk)               Turns: 6038, Time: 00:34:43

Health: -2/59      AC: 12    Str: 16    XL:     7   Next: 85%
Magic:  6/6        EV:  8    Int:  5    God:
Gold:   173        SH:  0    Dex: 18    Spells: 6/6 levels left

rFire    . . .     SeeInvis .     - Unarmed
rCold    + + .     Faith    .   (no shield)
rNeg     + + +     Spirit   .   E - +2 chain mail {rC+}
rPois    ∞         Reflect  .   (no helmet)
rElec    .         Harm     .   (no cloak)
rCorr    .         Rampage  .   (no gloves)
Will     .....                  u - +0 pair of boots
Stlth    ..........             s - amulet of the acrobat
HPRegen  0.00/turn              l - +6 ring of dexterity
MPRegen  0.10/turn              w - ring of flight

@: flying, inhibited regen
A: claws 1, cold resistance 1, negative energy resistance 3, inhibited
regeneration, torment resistance 2
a: no special abilities


You were on level 6 of the Dungeon.
You visited 1 branch of the dungeon, and saw 6 of its levels.

You collected 173 gold pieces.

Inventory:

Hand Weapons
 q - a +0 trident
 y - a +0 long sword
 B - a +0 club
 D - a +0 flail
 J - a +1 short sword of venom
 L - a +0 shortbow
Missiles
 j - 56 arrows
 m - 72 sling bullets
 p - 76 stones (quivered)
Armour
 a - a +0 robe
 h - a +0 ring mail
 n - a +0 leather armour
 u - a +0 pair of boots (worn)
 x - a +0 pair of boots
 E - a +2 chain mail of cold resistance (worn)
 K - a +0 kite shield
Jewellery
 l - a +6 ring of dexterity (left claw)
 s - an amulet of the acrobat (around neck)
 w - a ring of flight (right claw)
Scrolls
 c - 2 scrolls of identify {unknown}
 d - 2 scrolls of fog {unknown}
 r - a scroll of blinking {unknown}
 t - a scroll of holy word {unknown}
 z - a scroll of amnesia {unknown}
 F - a scroll of acquirement {unknown}
 G - a scroll of magic mapping {unknown}
 I - 2 scrolls of teleportation {unknown}
Potions
 b - a potion of degeneration {unknown}
 e - a potion of mutation {unknown}
 f - a potion of attraction {unknown}
 g - a potion of berserk rage {unknown}
 i - 2 potions of curing {unknown}
 k - 2 potions of resistance {unknown}
 o - a potion of heal wounds {unknown}
 v - a potion of magic {unknown}
 A - a potion of brilliance {unknown}
 C - a potion of ambrosia {unknown}
 H - a potion of cancellation {unknown}


   Skills:
 + Level 4.0 Fighting
 + Level 4.2 Armour
 + Level 3.5 Dodging
 + Level 3.6 Stealth
 + Level 6.8 Unarmed Combat


You had 6 spell levels left.
You didn't know any spells.
Your spell library contained the following spells:

 Spells                   Type           Power      Damage    Failure   Level
 Magic Dart               Conj           0%         1d3       100%        1
 Call Imp                 Summ           0%         N/A       100%        2
 Conjure Flame            Conj/Fire      0%         6-21      100%        3
 Ignite Poison            Fire/Tmut/Pois 0%         N/A       100%        3
 Mephitic Cloud           Conj/Pois/Air  0%         N/A       100%        3
 Sticky Flame             Conj/Fire      0%         2d3       100%        4


Dungeon Overview and Level Annotations

Branches:
Dungeon (6/15)
 Temple: D:4-7

Altars:

Shops:
D:1 (

Annotations:
D:3 Natasha
D:6 Maggie


Innate Abilities, Weirdness & Mutations

You thrive by killing the living.
You are immune to poison.
You have sharp fingernails.
Your flesh is cold resistant. (rC+)
You are immune to negative energy. (rN+++)
You do not regenerate when monsters are visible.
You are immune to unholy pain and torment.


Message History

The orc warrior hits you from afar with a +0 halberd!
The orc priest invokes the aid of Beogh against you.
Beogh smites you!
A centaur zombie comes into view.
You closely miss the orc priest.
The orc priest is lightly wounded.
The orc warrior barely misses you.
The orc priest hits you but does no damage.
You claw the orc priest!
The orc priest is heavily wounded.
The orc warrior hits you but does no damage.
The orc priest completely misses you.
You scratch the orc priest but do no damage.
The orc priest is heavily wounded.
The orc warrior hits you from afar with a +0 halberd!
The orc priest hits you but does no damage.
You scratch the orc priest.
The orc priest is severely wounded.
The orc warrior hits you from afar with a +0 halberd!
* * * LOW HITPOINT WARNING * * *
The orc priest hits you with a +0 club.
* * * LOW HITPOINT WARNING * * *
You claw the orc priest!
You kill the orc priest!
The orc warrior hits you from afar with a +0 halberd.
* * * LOW HITPOINT WARNING * * *
You claw the orc!
You kill the orc!
You feel better.
The orc warrior hits you but does no damage.
The centaur zombie hits you but does no damage.
The centaur zombie misses you.
You scratch the centaur zombie but do no damage.
The centaur zombie hits you.
* * * LOW HITPOINT WARNING * * *
The centaur zombie kicks you but does no damage.
You scratch the centaur zombie.
The centaur zombie is lightly damaged.
The orc warrior hits you from afar with a +0 halberd!
You die...

#.. #.##.#.###.# .. #..
# #.#.....##.# #..
#.#..#..#...
#.#..#..#### #
..#..#..#
#..###########..#..#
#...............#..#
#..###.#######.##..####
#@# #......... #Z#
########## #o# #o# #.#
#)# ..# .... .....


You could see an orc warrior, an orc and a centaur zombie.

Vanquished Creatures
  A water moccasin (D:6)
  A sky beast (D:4)
  A centaur (D:5)
  A water moccasin skeleton (D:5)
  A centaur zombie (D:5)
  3 hounds
  3 orc priests
  2 iguanas
  3 orc wizards (D:4)
  2 adders
  2 ufetubi (D:5)
  2 worms
  3 dart slugs (D:2)
  12 orcs
  4 bats
  5 endoplasms
  2 giant cockroaches (D:3)
  3 hobgoblins
  4 jackals (D:1)
  6 kobolds
  2 quokkas
  5 ball pythons
  2 frilled lizards
  5 goblins
  3 rats (D:1)
  A bush (D:2)
79 creatures vanquished.

Vanquished Creatures (others)
  27 plants (D:2)
  7 withered plants (D:2)
34 creatures vanquished.

Grand Total: 113 creatures vanquished

Notes
Turn   | Place    | Note
-------+----------+-------------------------------------------
     0 | D:1      | kringelbulle the Ghoul Monk began the quest for the Orb.
     0 | D:1      | Reached XP level 1. HP: 19/19 MP: 0/0
    95 | D:1      | Found Esyskes's Weapon Shop.
   234 | D:1      | Reached XP level 2. HP: 20/26 MP: 1/1
  1065 | D:2      | Reached XP level 3. HP: 18/31 MP: 2/2
  1361 | D:2      | Reached skill level 4 in Unarmed Combat
  2326 | D:2      | Found a faded altar of an unknown god.
  2943 | D:3      | Reached XP level 4. HP: 39/40 MP: 3/3
  3014 | D:3      | Noticed Natasha
  3369 | D:4      | Reached skill level 1 in Armour
  3419 | D:4      | Reached XP level 5. HP: 32/46 MP: 4/4
  3682 | D:4      | Reached skill level 5 in Unarmed Combat
  3697 | D:4      | Reached XP level 6. HP: 30/52 MP: 5/5
  4238 | D:4      | Noticed a sky beast
  4274 | D:4      | Killed a sky beast
  4487 | D:4      | Reached skill level 6 in Unarmed Combat
  4765 | D:5      | Entered Level 5 of the Dungeon
  5072 | D:5      | Reached XP level 7. HP: 58/58 MP: 6/6
  5717 | D:6      | Noticed Maggie
  6038 | D:6      | Slain by an orc warrior

Illustrated notes

Levels and vault maps discovered:
D:1:      lemuel_arrival_river_passageway, layout_loops_ring, serial_shops, shop
D:2:      layout_loops_corners, shapermc_ecumenical_altar_flowoftime,
          serial_forest, infiniplex_forest_pool, infiniplex_forest_lined_room_2,
          infiniplex_forest_clump_curved, infiniplex_forest_straight_2,
          infiniplex_forest_clump_cross, chequers_avenue
D:3:      layout_basic, uniq_natasha
D:4:      layout_basic, grunt_ministairs_9, hangedman_glass_teeth,
          chequers_serial_rivers_small_3, serial_park_tiny_2,
          minmay_close_crescents
D:5:      layout_layer_cave, kennysheep_cross_room, kennysheep_diamond,
          minmay_misc_feat_roman
D:6:      layout_basic, gammafunk_temple_overflow_elements, uniq_edmund,
          uniq_blork_the_orc, uniq_pikel, uniq_maggie

Skill      XL: |  1  2  3  4  5  6  7 |
---------------+----------------------+-----
Dodging        | 3 |  3.5
Unarmed Combat | 4 5 6 |  6.8
Armour         | 1 3 4 |  4.2
Stealth        | 3 |  3.6
Fighting       | 4 |  4.0

Action                   |  1- 3 |  4- 6 |  7- 9 || total
-------------------------+-------+-------+-------++-------
Melee: Unarmed           |   246 |   152 |    67 ||   465
       Punch             |     7 |     7 |     1 ||    15
 Stab: Sleeping          |     6 |     1 |       ||     7
       Distracted        |     1 |       |       ||     1
Armor: Robe              |    37 |       |       ||    37
       Leather armour    |     8 |     6 |       ||    14
       Chain mail        |       |    64 |    57 ||   121
Dodge: Dodged            |   100 |    51 |    45 ||   196
